 Dungeon Crawl Stone Soup version 0.29.1-2-gbd0b4ee654 (webtiles) character file.

Game seed: 4330283811236493864

256 warriortoast the Trooper (level 5, 0/47 HPs)
             Began as a Minotaur Fighter on Nov 3, 2022.
             Slain by an orc
             ... wielding a +0 short sword
              (3 damage)
             ... on level 3 of the Dungeon.
             The game lasted 00:05:19 (2418 turns).

warriortoast the Trooper (Minotaur Fighter)         Turns: 2418, Time: 00:05:20

Health: 0/47       AC: 10    Str: 23    XL:     5   Next: 92%
Magic:  4/4        EV:  7    Int:  5    God:
Gold:   61         SH:  4    Dex:  9    Spells: 4/4 levels left

rFire   . . .      SeeInvis .   a - +0 war axe
rCold   . . .      Faith    .   c - +0 buckler
rNeg    . . .      Spirit   .   p - +0 chain mail
rPois   .          Reflect  .   (helmet restricted)
rElec   .          Harm     .   t - +0 cloak
rCorr   .          Rampage  .   (no gloves)
Will    .....                   (no boots)
Stlth   ..........              (no amulet)
HPRegen 0.15/turn               (no ring)
MPRegen 0.09/turn               (no ring)

@: mighty, lethally poisoned (0 -> -3), hasted, very quick
A: horns 2, retaliatory headbutt
a: no special abilities


You were on level 3 of the Dungeon.
You visited 1 branch of the dungeon, and saw 3 of its levels.

You collected 81 gold pieces.
You spent 20 gold pieces at shops.

Inventory:

Hand Weapons
 a - a +0 war axe (weapon)
Missiles
 i - 5 poisoned darts (quivered)
Armour
 b - a +0 scale mail
 c - a +0 buckler (worn)
 p - a +0 chain mail (worn)
 t - a +0 cloak (worn)
Jewellery
 r - a +4 ring of protection
Scrolls
 h - 3 scrolls of identify {unknown}
 j - 2 scrolls of fear {unknown}
 k - a scroll of teleportation {unknown}
 l - a scroll of vulnerability {unknown}
 n - a scroll of poison {unknown}
 o - a scroll of blinking {unknown}
 q - a scroll of summoning {unknown}
 u - a scroll of noise {unknown}
Potions
 d - 2 potions of might
 e - a potion of haste
 f - a potion of degeneration {unknown}
 g - a potion of lignification {unknown}
 m - 3 potions of curing {unknown}
 s - a potion of berserk rage {unknown}
 v - a potion of flight {unknown}


   Skills:
 + Level 4.9 Fighting
 + Level 4.0 Axes
 + Level 2.0 Throwing
 + Level 4.8 Armour
 + Level 4.8 Shields


You had 4 spell levels left.
You didn't know any spells.
Your spell library contained the following spells:

 Spells                   Type           Power      Damage    Failure   Level
 Summon Guardian Golem    Hex/Summ       0%         N/A       100%        3
 Orb of Destruction       Conj           0%         9d5       100%        7
 Spellforged Servitor     Conj/Summ      0%         N/A       100%        7


Dungeon Overview and Level Annotations

Branches:
Dungeon (3/15)

Altars:
Uskayaw

Shops:
D:1 ([(:*


Innate Abilities, Weirdness & Mutations

You have a pair of horns on your head.
You reflexively headbutt those who attack you in melee.


Message History

The goblin hits you but does no damage.
The goblin hits you with a +2 dagger of venom.
You are more poisoned.
You barely miss the goblin.
The orc shouts!
You headbutt the goblin.
You kill the goblin!
You closely miss the goblin.
You feel very sick. The goblin hits you but does no damage.
The hobgoblin hits you.
An orc comes into view. It is wielding a +0 club.
The goblin misses you. The goblin attacks as you move away!
The goblin hits you with a +0 dagger. The hobgoblin attacks as you move away!
The hobgoblin hits you.
* * * LOW HITPOINT WARNING * * *
x2 You feel very sick.
The goblin closely misses you.
Things that are here:
a +2 dagger of venom; a goblin corpse You feel very mighty all of a sudden.
* * * LOW HITPOINT WARNING * * *
You feel sick. The orc hits you but does no damage.
An orc comes into view. It is wielding a +0 club.
The goblin barely misses you.
The orc shouts!
You slash the goblin!
You kill the goblin!
You barely miss the goblin. You completely miss the orc.
You slash the hobgoblin!
You kill the hobgoblin!
* * * LOW HITPOINT WARNING * * *
You feel sick. You block the goblin's attack. The orc barely misses you.
You furiously retaliate!
You headbutt the orc.
It was a potion of haste.
You feel yourself speed up.
* * * LOW HITPOINT WARNING * * *
You feel sick. The goblin hits you but does no damage.
The orc hits you with a +0 hand axe.
* * * LOW HITPOINT WARNING * * *
The orc hits you with a +0 short sword.
You die...

########### ####
..........###....
..###...........#
g....o.=.gg.....#
##..o.oo@.)...#
#>..#..o..)<..#
###..........##.###
#..................
#.#.###.............
#.....#.#...........#
# #....#.#######.#.#
#.............#.#
#.#.#)###########


You could see 5 orcs and 2 goblins.

Vanquished Creatures
  Natasha (thrice) (D:2)
  Robin (D:3)
  4 gnolls
  5 adders
  2 worms (D:2)
  A dart slug (D:1)
  4 orcs (D:3)
  5 ball pythons
  3 bats (D:1)
  7 endoplasms
  5 giant cockroaches
  12 goblins
  8 hobgoblins
  2 jackals (D:3)
  A quokka (D:3)
  4 frilled lizards
  3 kobolds
  3 rats
73 creatures vanquished.

Notes
Turn   | Place    | Note
-------+----------+-------------------------------------------
     0 | D:1      | warriortoast the Minotaur Fighter began the quest for the
                  | Orb.
     0 | D:1      | Reached XP level 1. HP: 19/19 MP: 0/0
   231 | D:1      | Found Rigih's Weapon Emporium.
   285 | D:1      | Found Neokhau's Armour Emporium.
   294 | D:1      | Reached XP level 2. HP: 22/27 MP: 1/1
   368 | D:1      | Found a faded altar of an unknown god.
   386 | D:1      | Found Hemimeec's Antique Weapon Shoppe.
   653 | D:1      | Found Wazxar's Book Boutique.
   743 | D:1      | Found Qaqe's Assorted Antiques.
   749 | D:1      | Bought a scroll labelled QONKAG VOTUSOE for 20 gold pieces
   828 | D:1      | Reached XP level 3. HP: 33/33 MP: 2/2
  1149 | D:2      | Noticed Natasha
  1154 | D:2      | Killed Natasha
  1155 | D:2      | Reached skill level 1 in Throwing
  1211 | D:2      | Reached XP level 4. HP: 32/40 MP: 3/3
  1381 | D:2      | Noticed Natasha
  1753 | D:2      | Killed Natasha
  1754 | D:2      | Reached XP level 5. HP: 47/47 MP: 4/4
  1983 | D:2      | Noticed Natasha
  1988 | D:2      | Killed Natasha
  2151 | D:3      | Found a hide-covered altar of Uskayaw.
  2390 | D:3      | Noticed Robin
  2412 | D:3      | Killed Robin
  2418 | D:3      | Slain by an orc

Illustrated notes

Levels and vault maps discovered:
D:1:      ncdulo_halloftheorcs, layout_basic, serial_shops, shop,
          nicolae_diamond_shop, shop, nicolae_shop_behind_doors,
          nicolae_shop_advertising_works [nicolae_subvault_shop_adworks],
          shapermc_ecumenical_altar_venn, minmay_misc_feat_enclosed
D:2:      layout_rooms, serial_curves, eino_curves_02, eino_curves_02,
          minmay_split_cup_small, uniq_natasha
D:3:      layout_basic, overflow_temple_1_default, serial_shops,
          nicolae_square_shop, kennysheep_donut, kennysheep_minor_cross,
          kennysheep_potato, uniq_robin

Skill      XL: |  1  2  3  4  5 |
---------------+----------------+-----
Armour         | 4 |  4.8
Fighting       | 4 |  4.9
Shields        | 4 |  4.8
Axes           | 3 4 |  4.0
Throwing       | 1 2 |  2.0

Action                   |  1- 3 |  4- 6 || total
-------------------------+-------+-------++-------
Melee: War axe           |    62 |    85 ||   147
       Headbutt          |    10 |    12 ||    22
Throw: Dart              |     6 |     1 ||     7
  Use: Potion            |       |     2 ||     2
Armor: Scale mail        |    24 |       ||    24
       Chain mail        |     4 |    40 ||    44
Dodge: Dodged            |    20 |    38 ||    58
Block: Buckler           |    15 |    21 ||    36
